Map: Lerilak Crest

Players

Nerchio - Winner!

  • Race: Zerg Zerg
  • League: Diamond

neuro

  • Race: Zerg Zerg
  • League: Master

Event: Lycan League Weekly August #1

VOD

Have the link to the VOD?

Description

Time

  • Played on: Aug. 3, 2015, 12:20 p.m.
  • Length: 11:30

All games in this series

Show
View Real Time Build Order
Export as new Build Order

Nerchio Zerg - Winner!

Build Orders: Pool First 

Get SALT Encoding   

  12  0:00  Drone  
  13  0:12  Overlord  
  13  0:16  Drone  
  14  0:30  Drone x2  
  14  0:34  Drone  
  17  0:45  Spawning Pool  
  17  0:48  Drone  
  17  0:56  Drone  
  18  1:14  Hatchery  
  18  1:16  Drone  
  18  1:18  Extractor  
  18  1:22  Overlord  
  17  1:31  Queen  
  19  1:35  Zergling x2  
  20  1:40  Drone  
  21  1:50  Drone  
  22  2:01  Drone  
  22  2:07  Queen  
  25  2:10  Drone  
  26  2:18  Metabolic Boost  
  26  2:26  Queen  
  26  2:27  Drone, Zergling x2  
  30  2:34  Drone  
  31  2:38  Baneling Nest  
  31  2:39  Drone x2  
  31  2:45  Zergling x2  
  31  2:47  Zergling x2  
  31  2:48  Zergling x2  
  34  2:54  Overlord  
  34  2:56  Zergling x2  
  35  3:02  Spine Crawler  
  34  3:11  Queen  
  36  3:18  Queen  
  38  3:23  Zergling x4  
  38  3:24  Zergling x2  
  41  3:34  Overlord  
  41  3:35  Drone x2  
  41  3:39  Baneling x4  
  42  3:42  Baneling  
  42  3:43  Baneling  
  42  3:44  Drone  
  43  3:49  Overlord  
  43  3:54  Drone x2  
  43  3:58  Drone  
  43  3:59  Drone  
  43  4:01  Drone  
  45  4:08  Drone  
  45  4:09  Drone x2  
  46  4:15  Drone x3  
  48  4:26  Zergling x6  
  48  4:27  Zergling x2  
  52  4:33  Evolution Chamber  
  52  4:35  Extractor  
  52  4:37  Drone x3  
  53  4:39  Drone  
  53  4:43  Overlord  
  54  4:50  Zergling x4  
  56  4:57  Zergling x2  
  56  4:59  Zerg Ground Armor Level 1  
  57  5:07  Overlord  
  57  5:13  Drone x3  
  60  5:14  Hatchery  
  60  5:16  Extractor  
  60  5:17  Drone x2  
  60  5:19  Drone  
  61  5:21  Drone  
  61  5:22  Drone  
  62  5:32  Drone x3  
  62  5:33  Drone  
  62  5:34  Drone  
  65  5:38  Roach Warren  
  50  5:58  Drone x5  
  50  5:59  Drone x3  
  58  6:05  Drone  
  58  6:06  Drone x2  
  61  6:18  Roach  
  61  6:19  Roach x5  
  61  6:22  Roach  
  75  6:30  Overlord x2  
  75  6:34  Roach  
  75  6:35  Roach  
  75  6:39  Roach  
  81  6:43  Overlord  
  81  6:45  Overlord  
  80  6:49  Roach x2  
  80  6:51  Roach  
  80  6:53  Zerg Missile Weapons Level 1, Roach  
  88  6:55  Roach  
  88  6:59  Roach  
  92  7:03  Roach x2  
  92  7:04  Roach x2  
  100  7:10  Roach x2  
  104  7:15  Lair  
  104  7:19  Roach x3  
  110  7:27  Overlord  
  110  7:28  Roach  
  112  7:31  Overlord  
  112  7:33  Overlord, Spore Crawler  
  111  7:38  Overlord, Drone  
  111  7:39  Extractor  
  111  7:45  Drone x3  
  114  7:52  Drone  
  114  7:53  Drone  
  114  7:56  Evolution Chamber, Drone  
  116  8:03  Drone  
  116  8:04  Drone  
  118  8:10  Overlord  
  118  8:13  Glial Reconstitution  
  118  8:14  Overseer  
  118  8:15  Overseer  
  118  8:16  Overseer  
  118  8:19  Roach x9  
  136  8:22  Overlord  
  136  8:26  Overlord  
  134  8:30  Zerg Ground Armor Level 2  
  134  8:37  Roach x3  
  140  8:43  Overseer  
  140  8:47  Zerg Missile Weapons Level 2  
  140  8:49  Roach x4  
  140  8:51  Roach  
  140  8:53  Roach  
  154  8:55  Roach  
  154  8:57  Overseer  
  154  9:00  Roach  
  154  9:02  Roach  
  158  9:04  Roach  
  158  9:09  Spore Crawler  
  159  9:12  Spore Crawler, Roach  
  159  9:13  Roach  
  162  9:17  Roach  
  162  9:18  Roach  
  162  9:20  Roach  
  162  9:23  Roach  
  170  9:29  Overlord x2  
  168  9:32  Roach  
  168  9:35  Roach x2  
  168  9:38  Overlord  
  170  9:43  Overlord  
  170  9:48  Roach  
  170  9:49  Roach x5  
  170  9:51  Roach  
  182  9:55  Roach  
  182  9:59  Roach  
  166  10:01  Roach x2  
  166  10:02  Roach  
  166  10:03  Roach  
  166  10:05  Roach  
  152  10:10  Roach  
  136  10:15  Roach  
  136  10:16  Roach  
  136  10:19  Overseer  
  136  10:20  Roach x4  
  140  10:21  Roach  
  140  10:24  Roach  
  140  10:25  Roach  
  136  10:28  Roach  
  136  10:29  Roach  
  136  10:31  Roach  
  136  10:34  Roach  
  136  10:35  Roach  
  140  10:38  Roach  
  140  10:40  Roach  
  140  10:42  Roach  
  138  10:44  Roach  
  138  10:46  Roach  
  138  10:49  Roach  
  140  10:52  Roach  
  140  10:53  Roach  
  146  10:57  Roach  
  146  11:01  Roach x2  
  146  11:03  Roach  
  152  11:05  Drone x6  
  152  11:09  Roach  
  152  11:10  Overseer  
  160  11:23  Hatchery  
Show
View Real Time Build Order
Export as new Build Order

neuro Zerg 

Build Orders: Hatch First, Zergling Baneling 

Get SALT Encoding   

  12  0:01  Drone  
  13  0:12  Overlord  
  13  0:17  Drone  
  14  0:30  Drone x2  
  16  0:36  Drone  
  17  0:52  Hatchery  
  17  0:55  Drone  
  17  0:57  Extractor  
  17  0:58  Drone  
  17  1:12  Spawning Pool  
  17  1:15  Drone  
  17  1:19  Drone  
  18  1:27  Drone  
  19  1:38  Drone  
  20  1:52  Overlord  
  20  1:59  Metabolic Boost, Queen  
  22  2:05  Queen  
  22  2:06  Zergling x4  
  26  2:13  Drone  
  27  2:19  Drone  
  27  2:20  Baneling Nest  
  27  2:23  Drone  
  27  2:29  Drone  
  29  2:37  Drone x2  
  31  2:50  Drone x2  
  33  2:54  Spine Crawler  
  33  2:55  Overlord  
  32  3:08  Baneling  
  32  3:09  Baneling x2  
  32  3:10  Zergling x8  
  36  3:13  Overlord  
  36  3:14  Zergling x2  
  37  3:27  Zergling x2  
  37  3:28  Zergling x10  
  42  3:44  Drone x6  
  45  3:59  Drone x6  
  45  4:01  Baneling x2  
  50  4:03  Baneling x2  
  50  4:04  Baneling x2  
  48  4:14  Extractor x2  
  46  4:19  Roach Warren  
  46  4:20  Evolution Chamber  
  40  4:33  Drone x5  
  40  4:34  Drone  
  40  4:35  Drone  
  47  4:40  Lair  
  47  4:48  Overlord x2  
  47  4:49  Hatchery  
  47  4:52  Drone x2  
  48  4:59  Roach x2  
  52  5:03  Zerg Missile Weapons Level 1  
  52  5:09  Roach x2  
  52  5:13  Overlord  
  52  5:14  Overlord x3  
  56  5:27  Roach x6  
  67  5:36  Roach x2  
  67  5:37  Roach  
  68  5:49  Drone x2  
  68  6:02  Roach x3  
  68  6:03  Roach x2  
  78  6:05  Roach  
  78  6:10  Roach  
  78  6:11  Roach  
  84  6:16  Zergling x4  
  86  6:31  Roach  
  86  6:32  Roach x5  
  96  6:45  Roach  
  96  6:46  Roach x3  
  96  6:47  Overlord  
  94  6:54  Roach x2  
  94  7:00  Drone x2  
  97  7:03  Roach  
  97  7:08  Overlord  
  97  7:09  Overlord x2  
  97  7:11  Glial Reconstitution  
  97  7:16  Burrow  
  97  7:22  Drone x2  
  99  7:35  Drone x2  
  99  7:36  Zerg Missile Weapons Level 2  
  101  7:42  Hatchery  
  100  7:51  Roach  
  100  7:52  Roach x3, Extractor  
  107  8:00  Overlord x2  
  107  8:18  Roach  
  107  8:19  Roach x7  
  123  8:30  Tunneling Claws  
  123  8:35  Drone x6  
  129  9:03  Pneumatized Carapace  
  129  9:05  Drone x6  
  135  9:17  Roach x2  
  135  9:18  Roach x3  
  143  9:24  Roach  
  143  9:26  Overlord x3  
  145  9:33  Hydralisk Den  
  145  9:36  Evolution Chamber, Roach  
  145  9:37  Roach x2  
  143  9:42  Roach  
  145  9:56  Roach x7  
  139  10:01  Roach x3  
  139  10:03  Roach x7  
  129  10:07  Roach x2  
  129  10:08  Queen  
  129  10:12  Roach x2  
  117  10:21  Roach x5  
  111  10:24  Roach x4  
  111  10:25  Roach x2  
  101  10:31  Roach  
  97  10:39  Roach  
  97  10:40  Roach x3  
  97  10:44  Roach  
  97  10:45  Roach x2  
  97  10:48  Roach  
  93  10:52  Roach  
  93  10:56  Overlord  
  85  11:00  Roach x4  
  81  11:05  Roach x2  

Tags
 
Add a new tag
Caveats
  • Supply blocks, unpowered buildings, or Contaminate may cause inaccurate times.
  • Supply counts are checked every 10 seconds.